| TOP OF THE 1ST |
|
Portland Sea Dogs batting - Pitching for Midland RockHounds : LHP Michael Twigg
|
|
Pitching: LHP Michael Twigg
|
|
|
Batting: RHB Matt Hinkle
|
0-0: Called Strike 0-1: Foul Ball, location: 2F 0-2: Ball 1-2: Foul Ball, location: 2F 1-2: Ball 2-2: Fly out, F7 (Flyball, 7, EV 79.4 MPH)
|
|
Batting: RHB John Chiesa
|
0-0: Fly out, F8 (Flyball, 8RD, EV 105.0 MPH)
|
|
Batting: RHB Jose Diaz
|
0-0: Called Strike 0-1: Ball 1-1: Foul Ball, location: 2F 1-2: Ball 2-2: Ball 3-2: Foul Ball, location: 2F 3-2: Foul Ball, location: 2F 3-2: Foul Ball, location: 2F 3-2: Strikes out swinging
|
| Top of the 1st over - 0 runs, 0 hits, 0 errors, 0 left on base; Portland 0 - Midland 0 |
| BOTTOM OF THE 1ST |
|
Midland RockHounds batting - Pitching for Portland Sea Dogs : RHP Mike Schroeder
|
|
Pitching: RHP Mike Schroeder
|
|
|
Batting: LHB Zachary DeLuca
|
0-0: Ball 1-0: Foul Ball, location: 2F 1-1: Ball 2-1: Ground out 4-3 (Groundball, 4S, EV 80.0 MPH)
|
|
Batting: SHB Rich Muniz
|
0-0: Swinging Strike 0-1: Foul Ball, location: 2F 0-2: Ball 1-2: Ball 2-2: Foul Ball, location: 2F 2-2: Ground out 6-3 (Groundball, 6, EV 105.6 MPH)
|
|
Batting: RHB Dave Glenn
|
0-0: Foul Ball, location: 2F 0-1: Swinging Strike 0-2: Ball 1-2: Fly out, F9 (Flyball, 89D, EV 98.8 MPH)
|
| Bottom of the 1st over - 0 runs, 0 hits, 0 errors, 0 left on base; Portland 0 - Midland 0 |
| TOP OF THE 2ND |
|
Portland Sea Dogs batting - Pitching for Midland RockHounds : LHP Michael Twigg
|
|
Batting: RHB Carlos Nolasco
|
0-0: Called Strike 0-1: Swinging Strike 0-2: Strikes out swinging
|
|
Batting: RHB Adugna Chandu
|
0-0: Fly out, F8 (Line Drive, 8RS, EV 95.0 MPH)
|
|
Batting: RHB William Lung
|
0-0: Ball 1-0: Foul Ball, location: 2F 1-1: Called Strike 1-2: Ball 2-2: Strikes out looking
|
| Top of the 2nd over - 0 runs, 0 hits, 0 errors, 0 left on base; Portland 0 - Midland 0 |
| BOTTOM OF THE 2ND |
|
Midland RockHounds batting - Pitching for Portland Sea Dogs : RHP Mike Schroeder
|
|
Batting: LHB John Shults
|
0-0: Ball 1-0: Ball 2-0: Ball 3-0: Called Strike 3-1: Foul Ball, location: 2F 3-2: Fly out, F7 (Flyball, 7LM, EV 109.4 MPH)
|
|
Batting: RHB Luis Restrepo
|
0-0: Ball 1-0: Swinging Strike 1-1: SINGLE (Line Drive, 89S, EV 102.5 MPH)
|
|
Batting: RHB Danny Heikkila
|
0-0: Called Strike Luis Restrepo steals 2nd base 0-1: Swinging Strike 0-2: Ball 1-2: Ball 2-2: Strikes out swinging
|
|
Batting: RHB Carlos Ballesteros
|
0-0: Called Strike 0-1: Called Strike 0-2: Strikes out swinging
|
| Bottom of the 2nd over - 0 runs, 1 hit, 0 errors, 1 left on base; Portland 0 - Midland 0 |
| TOP OF THE 3RD |
|
Portland Sea Dogs batting - Pitching for Midland RockHounds : LHP Michael Twigg
|
|
Batting: RHB Tommy Boudreaux
|
0-0: Fly out, F6 (Popup, 6, EV 58.8 MPH)
|
|
Batting: RHB Mike Cavagnaro
|
0-0: Ball 1-0: Foul Ball, location: 2F 1-1: Fly out, F7 (Line Drive, 7S, EV 92.5 MPH)
|
|
Batting: RHB Nick Cottrell
|
0-0: Ball 1-0: Fly out, F3 (Popup, 34, EV 73.8 MPH)
|
| Top of the 3rd over - 0 runs, 0 hits, 0 errors, 0 left on base; Portland 0 - Midland 0 |
| BOTTOM OF THE 3RD |
|
Midland RockHounds batting - Pitching for Portland Sea Dogs : RHP Mike Schroeder
|
|
Batting: RHB Armando Estrada
|
0-0: Swinging Strike 0-1: Ball 1-1: Foul Ball, location: 2F 1-2: Ball 2-2: SINGLE (Groundball, 6MD, EV 92.5 MPH) (infield hit)
|
|
Batting: RHB Dunlang Clark
|
0-0: Ball Armando Estrada steals 2nd base 1-0: Called Strike 1-1: Foul Ball, location: 2F 1-2: Ball 2-2: SINGLE (Groundball, 4S, EV 75.0 MPH) (infield hit) Armando Estrada to third
|
|
Batting: LHB Zachary DeLuca
|
0-0: Ball Dunlang Clark steals 2nd base 1-0: Called Strike 1-1: DOUBLE (Line Drive, 89D, EV 102.5 MPH) Armando Estrada scores Dunlang Clark scores
|
|
Batting: SHB Rich Muniz
|
0-0: Called Strike 0-1: Foul Ball, location: 2F 0-2: Strikes out swinging
|
|
Batting: RHB Dave Glenn
|
0-0: Swinging Strike 0-1: Foul Ball, location: 2F 0-2: Ground out 6-3 (Groundball, 56, EV 100.6 MPH)
|
|
Batting: LHB John Shults
|
0-0: Called Strike 0-1: Called Strike 0-2: Fly out, F7 (Line Drive, 78S, EV 86.2 MPH)
|
| Bottom of the 3rd over - 2 runs, 3 hits, 0 errors, 1 left on base; Portland 0 - Midland 2 |
| TOP OF THE 4TH |
|
Portland Sea Dogs batting - Pitching for Midland RockHounds : LHP Michael Twigg
|
|
Batting: RHB Matt Hinkle
|
0-0: Called Strike 0-1: Foul Ball, location: 2F 0-2: Ball 1-2: Ball 2-2: Ball 3-2: Foul Ball, location: 2F 3-2: Base on Balls
|
|
Batting: RHB John Chiesa
|
0-0: Ball 1-0: Ball 2-0: Ball 3-0: Called Strike 3-1: Called Strike 3-2: Ground out 1-3 (Groundball, 34S, EV 68.8 MPH) Matt Hinkle to second
|
|
Batting: RHB Jose Diaz
|
0-0: Ball 1-0: Ball 2-0: Ground out 4-3 (Groundball, 4S, EV 76.2 MPH) Matt Hinkle to third
|
|
Batting: RHB Carlos Nolasco
|
0-0: Ball 1-0: Foul Ball, location: 2F 1-1: Ball 2-1: Ball 3-1: Foul Ball, location: 2F 3-2: Ground out 1-3 (Groundball, 25, EV 70.0 MPH)
|
| Top of the 4th over - 0 runs, 0 hits, 0 errors, 1 left on base; Portland 0 - Midland 2 |
| BOTTOM OF THE 4TH |
|
Midland RockHounds batting - Pitching for Portland Sea Dogs : RHP Mike Schroeder
|
|
Batting: RHB Luis Restrepo
|
0-0: Ground out 4-3 (Groundball, 4, EV 106.9 MPH)
|
|
Batting: RHB Danny Heikkila
|
0-0: Called Strike 0-1: Called Strike 0-2: Fly out, F7 (Flyball, 78M, EV 87.5 MPH)
|
|
Batting: RHB Carlos Ballesteros
|
0-0: Ball 1-0: Ball 2-0: Called Strike 2-1: Fly out, F7 (Flyball, 78M, EV 92.5 MPH)
|
| Bottom of the 4th over - 0 runs, 0 hits, 0 errors, 0 left on base; Portland 0 - Midland 2 |
| TOP OF THE 5TH |
|
Portland Sea Dogs batting - Pitching for Midland RockHounds : LHP Michael Twigg
|
|
Batting: RHB Adugna Chandu
|
0-0: DOUBLE (Line Drive, 9LM, EV 108.1 MPH)
|
|
Batting: RHB William Lung
|
0-0: Called Strike 0-1: Fly out, F8 (Flyball, 8RXD, EV 101.9 MPH) Runner from 2nd tags up, SAFE at 3rd, no throw by CF
|
|
Batting: RHB Tommy Boudreaux
|
0-0: DOUBLE (Line Drive, 9LD, EV 111.9 MPH) Adugna Chandu scores
|
|
Batting: RHB Mike Cavagnaro
|
0-0: Hit by Pitch
|
|
Batting: RHB Nick Cottrell
|
0-0: Foul Ball, location: 2F 0-1: Foul Ball, location: 2F 0-2: Ball 1-2: Foul Ball, location: 2F 1-2: Grounds into double play, 6-4-3 (Groundball, 6M, EV 84.4 MPH)
|
| Top of the 5th over - 1 run, 2 hits, 0 errors, 1 left on base; Portland 1 - Midland 2 |
| BOTTOM OF THE 5TH |
|
Midland RockHounds batting - Pitching for Portland Sea Dogs : RHP Mike Schroeder
|
|
Batting: RHB Armando Estrada
|
0-0: Ball 1-0: Ground out 5-3 (Groundball, 56, EV 108.1 MPH)
|
|
Batting: RHB Dunlang Clark
|
0-0: Called Strike 0-1: Ball 1-1: Foul Ball, location: 2F 1-2: Strikes out swinging
|
|
Batting: LHB Zachary DeLuca
|
0-0: Called Strike 0-1: Ball 1-1: SOLO HOME RUN (Line Drive, 89XD, EV 104.4 MPH), Distance : 404 ft
|
|
Batting: SHB Rich Muniz
|
0-0: Fly out, F9 (Flyball, 9LS, EV 85.0 MPH)
|
| Bottom of the 5th over - 1 run, 1 hit, 0 errors, 0 left on base; Portland 1 - Midland 3 |
| TOP OF THE 6TH |
|
Portland Sea Dogs batting - Pitching for Midland RockHounds : LHP Michael Twigg
|
|
Batting: RHB Matt Hinkle
|
0-0: Foul Ball, location: 2F 0-1: SINGLE (Groundball, 5S, EV 69.4 MPH) (infield hit)
|
|
Batting: RHB John Chiesa
|
0-0: Ball 1-0: Ball 2-0: Called Strike 2-1: Foul Ball, location: 2F 2-2: Strikes out swinging
|
|
Batting: RHB Jose Diaz
|
0-0: Called Strike 0-1: Grounds into double play, 4-6-3 (Groundball, 4, EV 101.2 MPH)
|
| Top of the 6th over - 0 runs, 1 hit, 0 errors, 0 left on base; Portland 1 - Midland 3 |
| BOTTOM OF THE 6TH |
|
Midland RockHounds batting - Pitching for Portland Sea Dogs : RHP Mike Schroeder
|
|
Batting: RHB Dave Glenn
|
0-0: Ball 1-0: Ball 2-0: Called Strike 2-1: Ground out U3 (Groundball, 3, EV 85.0 MPH)
|
|
Batting: LHB John Shults
|
0-0: Ground out 5-3 (Groundball, 56, EV 83.1 MPH)
|
|
Batting: RHB Luis Restrepo
|
0-0: SINGLE (Groundball, 4MD, EV 109.4 MPH) (infield hit)
|
|
Batting: RHB Danny Heikkila
|
0-0: Called Strike 0-1: Hit by Pitch Luis Restrepo to second
|
|
Batting: RHB Carlos Ballesteros
|
0-0: Foul Ball, location: 2F 0-1: Ball 1-1: Ball 2-1: Fly out, F4 (Flyball, 6MD, EV 88.1 MPH)
|
| Bottom of the 6th over - 0 runs, 1 hit, 0 errors, 2 left on base; Portland 1 - Midland 3 |
| TOP OF THE 7TH |
|
Portland Sea Dogs batting - Pitching for Midland RockHounds : LHP Michael Twigg
|
|
Batting: RHB Carlos Nolasco
|
0-0: Foul Ball, location: 2F 0-1: Ball 1-1: Foul Ball, location: 2F 1-2: SINGLE (Groundball, 6MD, EV 96.9 MPH)
|
|
Batting: RHB Adugna Chandu
|
0-0: Called Strike 0-1: Swinging Strike 0-2: Strikes out swinging
|
|
Batting: RHB William Lung
|
0-0: Ball 1-0: Foul Ball, location: 2F 1-1: Swinging Strike 1-2: Strikes out swinging
|
|
Batting: RHB Tommy Boudreaux
|
0-0: Called Strike 0-1: Swinging Strike 0-2: Foul Ball, location: 2F 0-2: Ball 1-2: Strikes out swinging
|
| Top of the 7th over - 0 runs, 1 hit, 0 errors, 1 left on base; Portland 1 - Midland 3 |
| BOTTOM OF THE 7TH |
|
Midland RockHounds batting - Pitching for Portland Sea Dogs : RHP Mike Schroeder
|
|
Batting: RHB Armando Estrada
|
0-0: Called Strike 0-1: Called Strike 0-2: Strikes out swinging
|
|
Batting: RHB Dunlang Clark
|
0-0: Ball 1-0: Called Strike 1-1: Ball 2-1: Foul Ball, location: 2F 2-2: Strikes out swinging
|
|
Batting: LHB Zachary DeLuca
|
0-0: Called Strike 0-1: Swinging Strike 0-2: Strikes out swinging
|
| Bottom of the 7th over - 0 runs, 0 hits, 0 errors, 0 left on base; Portland 1 - Midland 3 |
| TOP OF THE 8TH |
|
Portland Sea Dogs batting - Pitching for Midland RockHounds : LHP Michael Twigg
|
|
Batting: RHB Mike Cavagnaro
|
0-0: Ball 1-0: Called Strike 1-1: Ball 2-1: Called Strike 2-2: Ground out 4-3 (Groundball, 4M, EV 106.2 MPH)
|
|
Batting: RHB Nick Cottrell
|
0-0: Fly out, F9 (Flyball, 9S, EV 91.9 MPH)
|
|
Batting: RHB Matt Hinkle
|
0-0: Ball 1-0: Ground out 6-3 (Groundball, 6M, EV 86.9 MPH)
|
| Top of the 8th over - 0 runs, 0 hits, 0 errors, 0 left on base; Portland 1 - Midland 3 |
| BOTTOM OF THE 8TH |
|
Midland RockHounds batting - Pitching for Portland Sea Dogs : RHP Mike Schroeder
|
|
Pitching: RHP Jim Whiteman
|
|
|
Batting: SHB Rich Muniz
|
0-0: Called Strike 0-1: Called Strike 0-2: Foul Ball, location: 2F 0-2: Ball 1-2: SINGLE (Groundball, 3S, EV 73.8 MPH) (infield hit)
|
|
Batting: RHB Dave Glenn
|
0-0: Called Strike 0-1: Reached on error, E1 (Groundball, 13S, EV 68.1 MPH) Rich Muniz to second
|
|
Batting: LHB John Shults
|
0-0: Fielders Choice at 2nd, 3-6 (Groundball, 34, EV 95.0 MPH) Rich Muniz to third
|
|
Batting: RHB Luis Restrepo
|
0-0: Ball 1-0: Called Strike 1-1: Foul Ball, location: 2F 1-2: Ball 2-2: Ground out 5-3 (Groundball, 56, EV 86.9 MPH) John Shults to second
|
|
Batting: RHB Danny Heikkila
|
0-0: Called Strike 0-1: Ball 1-1: Foul Ball, location: 2F 1-2: Strikes out swinging
|
| Bottom of the 8th over - 0 runs, 1 hit, 1 error, 2 left on base; Portland 1 - Midland 3 |
| TOP OF THE 9TH |
|
Portland Sea Dogs batting - Pitching for Midland RockHounds : LHP Michael Twigg
|
|
Pitching: RHP Steve Friesner
|
|
|
Now at 3B: Eduardo Chavez
|
|
|
Batting: RHB John Chiesa
|
0-0: Ball 1-0: Called Strike 1-1: Fly out, F8 (Line Drive, 8RD, EV 88.8 MPH)
|
|
Pinch Hitting: LHB Noel Young
|
0-0: Called Strike 0-1: Ball 1-1: Called Strike 1-2: Ball 2-2: Strikes out looking
|
|
Batting: RHB Carlos Nolasco
|
0-0: Ball 1-0: Ball 2-0: Ball 3-0: Called Strike 3-1: Foul Ball, location: 2F 3-2: Strikes out looking
|
| Top of the 9th over - 0 runs, 0 hits, 0 errors, 0 left on base; Portland 1 - Midland 3 |
|